 Dungeon Crawl Stone Soup version 0.15-a0-2130-g28e4b74 (webtiles) character file.

56359 PolkaDot the Bewitcher (level 14, -5/85 HPs)
             Began as a Vampire Enchanter on July 16, 2014.
             Was the Champion of Ashenzari.
             Slain by Gekot's ghost (15 damage)
             ... on Level 8 of the Lair of Beasts on July 17, 2014.
             The game lasted 02:06:06 (20255 turns).

PolkaDot the Bewitcher (Vampire Enchanter)         Turns: 20255, Time: 02:06:06

HP  -5/85        AC 14     Str  7      XL: 14   Next: 41%
MP  10/20        EV 13     Int 29      God: Ashenzari [******]
Gold 814         SH  6     Dex 14      Spells:  7 memorised,  1 level left

rFire  + . .     SeeInvis +     q - +4 dagger (freeze) (curse)
rCold  + + .     Clarity  +     i - +2 leather armour "Teuh" {+Blink Slay+2}
rNeg   + + +     rCorr    .     J - +0 buckler (curse)
rPois  +         rRot     +     M - +1 helmet {Int+3} (curse)
rElec  .         Spirit   .     o - +2 cloak (curse)
SustAb .         Warding  .     N - +0 pair of gloves of Inviolability {rPois}
rMut   .         Stasis   .     C - +2 pair of boots (curse)
Gourm  .                        u - cursed amulet of faith
MR     +....                    D - cursed ring of protection from fire
                                F - cursed +5 ring of intelligence

@: bloodless, non-regenerating, hasted, very quick, somewhat resistant to
hostile enchantments, uncannily stealthy
A: bottle blood, fangs 3, see invisible, unbreathing
a: Bat Form, Bottle Blood, Scrying, Transfer Knowledge, Renounce Religion, Evoke
Blink


You were on level 8 of the Lair of Beasts.
You worshipped Ashenzari.
Ashenzari was exalted by your worship.
You were bloodless.

You visited 3 branches of the dungeon, and saw 21 of its levels.
You also visited: Labyrinth and Ice Cave.

You collected 1319 gold pieces.
You spent 505 gold pieces at shops.

Inventory:

Hand weapons
 p - the +8 cutlass of Ambiguity {pain, rPois}
   (You took it off a crimson imp on level 8 of the Dungeon)

   In the hands of one skilled in necromantic magic, it inflicts extra damage on
   living creatures.
   It protects you from poison.
 q - a cursed +4 dagger of freezing (weapon)
Missiles
 b - 7 throwing nets (quivered)
Armour
 i - the cursed +2 leather armour "Teuh" (worn) {+Blink Slay+2}
   (You acquired it on level 10 of the Dungeon)

   It affects your accuracy and damage with ranged weapons and melee attacks
   (+2).
   It lets you blink.
   It has a curse placed upon it.
 o - a cursed +2 cloak (worn)
 C - a cursed +2 pair of boots (worn)
 J - a cursed +0 buckler (worn)
 M - a cursed +1 helmet of intelligence (worn)
 N - the cursed +0 pair of gloves of Inviolability (worn) {rPois}
   (You acquired it on level 11 of the Dungeon)

   It protects you from poison.
   It has a curse placed upon it.
Magical devices
 j - a wand of fire (2)
 y - a wand of cold (7) {unknown}
 z - a wand of random effects (10)
 B - a wand of teleportation (8)
 R - a wand of fireball (3)
 S - a wand of invisibility (0)
Scrolls
 a - a scroll of blinking {unknown}
 e - 3 scrolls of immolation
 f - 4 scrolls of magic mapping
 h - 3 scrolls of recharging
 l - 6 scrolls of curse armour
 m - a scroll of vulnerability
 n - 7 scrolls of teleportation
 v - a scroll of enchant weapon
 w - a scroll of curse jewellery
 A - 3 scrolls of fear
 G - 4 scrolls of remove curse
 H - a scroll of holy word {unknown}
 K - a scroll of amnesia {unknown}
 L - a scroll of silence {unknown}
 O - a scroll of torment {unknown}
 P - a scroll of identify
Jewellery
 u - a cursed amulet of faith (around neck)
 D - a cursed ring of protection from fire (right hand)
 F - a cursed +5 ring of intelligence (left hand)
Potions
 c - 2 potions of restore abilities
 g - 2 potions of resistance
 k - 3 potions of cancellation
 r - a potion of brilliance
 s - 7 potions of agility
 t - 2 potions of magic
 x - 2 potions of might
 E - 4 potions of curing
 I - a potion of haste
 T - a potion of lignification {unknown}
 W - a potion of heal wounds
Books
 d - a book of Necromancy

   Spells                             Type                      Level
   Pain                               Necromancy                   1
   Animate Skeleton                   Necromancy                   1
   Vampiric Draining                  Necromancy                   3
   Regeneration                       Charms/Necromancy            3
   Animate Dead                       Necromancy                   4
   Control Undead                     Necromancy                   4
 Q - a book of Flames

   Spells                             Type                      Level
   Flame Tongue                       Conjuration/Fire             1
   Throw Flame                        Conjuration/Fire             2
   Conjure Flame                      Conjuration/Fire             3
   Inner Flame                        Hexes/Fire                   3
   Sticky Flame                       Conjuration/Fire             4
   Fireball                           Conjuration/Fire             5
 U - a book of Wizardry

   Spells                             Type                      Level
   Agony                              Necromancy                   5
   Force Lance                        Conjuration                  5
   Dispersal                          Translocation                6
   Haste                              Charms                       6
   Invisibility                       Hexes                        6
   Spellforged Servitor               Conjuration/Summoning        7
 V - a book of Spatial Translocations

   Spells                             Type                      Level
   *Apportation                       Translocation                1
   Blink                              Translocation                2
   Shroud of Golubria                 Charms/Translocation         2
   Portal Projectile                  Translocation                3
   Teleport Other                     Translocation                3
   Passage of Golubria                Translocation                4
 X - a book of Callings

   Spells                             Type                      Level
   Summon Small Mammal                Summoning                    1
   Call Imp                           Summoning                    2
   Call Canine Familiar               Summoning                    3
   Summon Guardian Golem              Hexes/Summoning              4
   Summon Lightning Spire             Summoning/Air                4
   Summon Ice Beast                   Ice/Summoning                4


   Skills:
 * Level 15.0(19.0) Short Blades
 - Level 2.1(5.5) Dodging
 + Level 19.0(22.6) Stealth
 - Level 5.1(8.1) Shields
 - Level 2.0 Spellcasting
 + Level 20.6(24.1) Hexes
 - Level 1.1(3.7) Ice Magic


You had one spell level left.
You knew the following spells:

 Your Spells              Type           Power        Failure   Level  Hunger
a - Corona                Hex            #######      0%          1    None
b - Sure Blade            Hex/Chrm       ######....   1%          2    ##.....
c - Confuse               Hex            #######.     0%          3    ###....
d - Ensorcelled Hibernat  Hex/Ice        ######       1%          2    ##.....
e - Enslavement           Hex            #######.     0%          4    ####...
s - Dazzling Spray        Conj/Hex       ######..     1%          3    ###....
A - Apportation           Tloc           #.........   10%         1    None


Dungeon Overview and Level Annotations

Branches:
Dungeon (12/15)            Temple (1/1) D:7             Orc (0/4) D:10
   Lair (8/8) D:11         Shoals (0/5) Lair:6        Snake (0/5) Lair:3
  Slime (0/6) Lair:7

Altars:
Ashenzari
Cheibriados
Dithmenos
Elyvilon
Fedhas
Gozag
Kikubaaqudgha
Makhleb
Nemelex Xobeh
Okawaru
Qazlal
Sif Muna
Trog
Vehumet
Xom
Yredelemnul
Zin
The Shining One

Shops:
D:4 :   D:6 *   D:7 *

Annotations:
Lair:8 Gekot's ghost, powerful GrFi


Innate Abilities, Weirdness & Mutations

You do not heal naturally.
You can bottle blood from corpses.
You have razor-sharp teeth.*
You have supernaturally acute eyesight.
You can survive without breathing.*


Message History

Gekot's ghost (powerful Gargoyle Fighter) comes into view.
Casting: Ensorcelled Hibernation
Confirm with . or Enter, or press ? or * to list all spells.
Aiming: Confuse
Press: ? - help, Shift-Dir - straight line, f - Gekot's ghost
Aim: Gekot's ghost (hasn't noticed you) Gekot's ghost easily resists.
Casting: Confuse
Confirm with . or Enter, or press ? or * to list all spells.
Aiming: Confuse
Press: ? - help, Shift-Dir - straight line, f/p - Gekot's ghost
Aim: Gekot's ghost Gekot's ghost easily resists.
* * * LOW MAGIC WARNING * * *
Gekot's ghost hits you.
You are electrocuted!
Drink which item? (? for menu, Esc to quit)
You feel yourself speed up. Gekot's ghost hits you!!
* * * LOW HITPOINT WARNING * * *
You are electrocuted!
You die...

. ##. . #.............
.. ## # ...
.#.#.#.#.#.#.#.# # . .
................. ###
. . PP#.#.#.#.#.#.#.#.
# # ... ...
.........<........ . #
... .
..#.#.#.#.#.#.#.#.# .
. ...
...........%..... ...
.......
....#.#W#.#.#.#.#.#.#.
..
........@..%%.......
... . ...
.....................
... . .
................... .
. .
.........[......#.....
. ....
........P.#.......#...
. .... . .
...#..#.......#.# . .
. # . ...#.........#
.. .
.............##....# #
P.P....... ...#


You could see Gekot's ghost.

Vanquished Creatures
  Snorg (Lair:4)
  A minotaur (Lab)
  Fannar (Lair:4)
  Harold (Lair:1)
  2 hydras
  9 death yaks (Lair:7)
  A catoblepas (Lair:7)
  3 ice statues (IceCv)
  2 griffons
  4 hill giants
  A manticore (Lair:6)
  16 elephants
  An item mimic (Lair:2)
  A feature mimic (D:10)
  13 spiny frogs
  5 black mambas
  A queen ant (Lair:2)
  4 fire drakes
  8 komodo dragons
  2 trolls
  A polar bear (Lair:6)
  16 blink frogs
  2 two-headed ogres (D:8)
  2 basilisks (Lair:7)
  A deep elf mage (D:9)
  A hog (D:7)
  4 wyverns
  12 ugly things (D:11)
  29 yaks
  A spriggan (Lair:6)
  A wraith (D:11)
  Eustachio (D:5)
  5 hippogriffs
  A hungry ghost (D:9)
  11 wolves
  A human (D:7)
  A hill giant skeleton (D:11)
  5 soldier ants (Lair:2)
  Menkaure (D:7)
  17 water moccasins
  A mottled dragon (D:10)
  13 porcupines
  15 ice beasts
  A phantom (D:11)
  2 black bears
  3 necrophages
  6 orc warriors
  6 ogres
  8 centaurs
  15 crocodiles
  A big kobold (D:10)
  18 giant frogs
  A scorpion (D:8)
  7 wights
  A vampire bat (Lair:2)
  2 electric eels (Lair:1)
  A hippogriff skeleton (D:8)
  A quasit (D:9)
  4 crimson imps
  3 goliath beetles
  8 hounds
  4 orc priests
  7 jellies
  A giant frog skeleton (D:6)
  14 orc wizards
  Natasha (thrice) (D:5)
  6 iguanas
  11 worker ants
  25 sheep
  Ijyb (D:2)
  A big kobold zombie (D:10)
  2 mummies
  A hound skeleton (D:3)
  62 green rats
  25 adders
  4 gnolls
  4 giant mites
  3 shadow imps
  3 worms
  An adder zombie (D:5)
  An iguana skeleton (D:5)
  An adder skeleton (D:9)
  7 giant geckos
  50 orcs
  2 bat zombies
  3 giant cockroaches
  11 hobgoblins
  15 jackals
  9 kobolds
  13 quokkas
  2 ball pythons
  22 bats
  A giant gecko zombie (D:1)
  6 giant newts
  2 giant spores
  7 goblins
  A goblin skeleton (D:5)
  A hobgoblin zombie (D:8)
  An orc zombie (D:8)
  A quokka skeleton (D:9)
  9 rats
  3 rat skeletons
  5 ballistomycetes (D:7)
  A butterfly (Lair:5)
  A fungus (Lair:7)
660 creatures vanquished.

Vanquished Creatures (collateral kills)
  Maud (Lair:3)
  A hill giant (D:11)
2 creatures vanquished.

Vanquished Creatures (others)
  A giant spore (D:7)
  A fungus (Lair:7)
2 creatures vanquished.

Grand Total: 664 creatures vanquished

Notes
Turn   | Place    | Note
--------------------------------------------------------------
     0 | D:1      | PolkaDot, the Vampire Enchanter, began the quest for the Orb.
     0 | D:1      | Reached XP level 1. HP: 13/13 MP: 3/3
   889 | D:1      | Reached XP level 2. HP: 19/19 MP: 4/4
  1388 | D:2      | Noticed Ijyb
  1393 | D:2      | Learned a level 2 spell: Ensorcelled Hibernation
  1428 | D:2      | Killed Ijyb
  1428 | D:2      | Reached XP level 3. HP: 24/24 MP: 6/6
  1439 | D:2      | Found an ancient bone altar of Kikubaaqudgha.
  1444 | D:2      | Learned a level 3 spell: Confuse
  1446 | D:2      | Found a sparkling altar of Nemelex Xobeh.
  1449 | D:2      | Found a blossoming altar of Fedhas.
  1636 | D:2      | Found a basalt altar of Yredelemnul.
  1833 | D:3      | Reached skill level 1 in Ice Magic
  1935 | D:3      | Reached XP level 4. HP: 21/30 MP: 7/7
  1946 | D:3      | Reached skill level 5 in Hexes
  2023 | D:3      | Reached skill level 5 in Stealth
  2134 | D:3      | Reached XP level 5. HP: 29/35 MP: 9/9
  2580 | D:3      | Reached skill level 6 in Hexes
  3028 | D:4      | Found Pepaed's Book Shoppe.
  3066 | D:5      | Entered Level 5 of the Dungeon
  3072 | D:5      | Noticed an ice beast
  3080 | D:5      | Killed an ice beast
  3080 | D:5      | Reached skill level 7 in Hexes
  3080 | D:5      | Reached XP level 6. HP: 39/41 MP: 10/10
  3320 | D:5      | Reached skill level 8 in Hexes
  3573 | D:5      | Noticed Eustachio
  3585 | D:5      | Killed Eustachio
  3585 | D:5      | Reached skill level 9 in Hexes
  3585 | D:5      | Reached XP level 7. HP: 35/46 MP: 9/12
  3676 | D:5      | Found a bloodstained altar of Trog.
  3902 | D:5      | Noticed Natasha
  3909 | D:5      | Killed Natasha
  4101 | D:5      | Noticed Natasha
  4108 | D:5      | Killed Natasha
  4153 | D:6      | Found Cluffeat's Assorted Antiques.
  4237 | D:6      | Bought a jewelled leather armour for 175 gold pieces
  4238 | D:6      | Identified the cursed -1 leather armour of Jigsaw {+Inv rElec rC+} (You bought it in a shop on level 6 of the Dungeon)
  4252 | D:6      | Reached skill level 10 in Hexes
  4789 | D:7      | Reached XP level 8. HP: 52/52 MP: 13/13
  4803 | D:7      | Reached skill level 11 in Hexes
  4806 | D:7      | Found a staircase to the Ecumenical Temple.
  4828 | Temple   | Entered the Ecumenical Temple
  4940 | Temple   | Became a worshipper of Ashenzari the Shackled
  4946 | Temple   | Learned a level 4 spell: Enslavement
  5439 | D:7      | Reached skill level 12 in Hexes
  5486 | D:7      | Noticed Menkaure
  5512 | D:7      | Killed Menkaure
  5638 | D:7      | Reached skill level 10 in Stealth
  5898 | D:7      | Found Gozag's Nutrition Petition.
  5900 | D:7      | Found an opulent altar of Gozag.
  6016 | D:7      | Noticed a human
  6016 | D:7      | Noticed a yak
  6017 | D:7      | Noticed a hog
  6017 | D:7      | Noticed a yak
  6025 | D:7      | Killed a yak
  6025 | D:7      | Reached skill level 13 in Hexes
  6029 | D:7      | Killed a yak
  6029 | D:7      | Reached XP level 9. HP: 42/57 MP: 7/14
  6042 | D:7      | Killed a hog
  6049 | D:7      | Killed a human
  6372 | D:8      | Reached skill level 14 in Hexes
  6409 | D:8      | Found an iron altar of Okawaru.
  6525 | D:8      | Reached skill level 15 in Hexes
  6788 | D:8      | Identified the +8 cutlass of Ambiguity {pain, rPois} (You took it off a crimson imp on level 8 of the Dungeon)
  6825 | D:8      | Learned a level 2 spell: Sure Blade
  7319 | D:9      | Reached XP level 10. HP: 48/63 MP: 9/16
  7471 | D:9      | Reached skill level 1 in Shields
  7478 | D:9      | Reached skill level 16 in Hexes
  8121 | D:9      | Acquired Ashenzari's first power
  8237 | D:9      | Found a stormy altar of Qazlal.
  8473 | D:10     | Entered Level 10 of the Dungeon
  8513 | D:10     | Found a staircase to the Orcish Mines.
  8514 | D:10     | Noticed a hill giant
  8583 | D:10     | Killed a hill giant
  8731 | D:10     | Found an iron altar of Okawaru.
  8793 | D:10     | Reached skill level 5 in Shields
  8917 | D:10     | Identified a scroll of acquirement
  8938 | D:10     | Identified the cursed +2 leather armour "Teuh" {+Blink Slay+2} (You acquired it on level 10 of the Dungeon)
  8998 | D:10     | Reached skill level 17 in Hexes
  9302 | D:10     | Reached XP level 11. HP: 66/68 MP: 14/17
  9427 | D:10     | Found a staircase to the Lair.
  9440 | D:10     | the staircase to the Lair was a mimic.
  9594 | D:11     | Noticed a hill giant
  9611 | D:11     | Killed a hill giant
  9611 | D:11     | Reached skill level 5 in Short Blades
  9673 | D:11     | Acquired Ashenzari's second power
  9702 | D:11     | Got the cursed pair of gloves of Inviolability {rPois}
  9705 | D:11     | Identified the cursed +0 pair of gloves of Inviolability {rPois} (You acquired it on level 11 of the Dungeon)
  9751 | D:11     | Noticed a hill giant
  9762 | D:11     | Killed a hill giant
 10034 | D:11     | Noticed a hill giant
 10084 | D:11     | Killed a hill giant
 10135 | D:11     | Found a staircase to the Lair.
 10446 | D:11     | Reached skill level 18 in Hexes
 10487 | D:11     | Reached skill level 15 in Stealth
 10643 | D:12     | Noticed a hill giant
 10650 | D:12     | Killed a hill giant
 10693 | Lair:1   | Entered Level 1 of the Lair of Beasts
 10749 | Lair:1   | Found a labyrinth entrance.
 10759 | Lab      | Entered a labyrinth
 11243 | Lab      | Noticed a minotaur
 11249 | Lab      | a minotaur (ally) was killed
 11251 | Lab      | Identified the Tome of Cold and Earth
 11471 | Lair:1   | Acquired Ashenzari's third power
 11556 | Lair:1   | Reached XP level 12. HP: 74/74 MP: 18/18
 11696 | Lair:1   | Noticed Harold
 11712 | Lair:1   | Killed Harold
 12107 | Lair:2   | Found a frozen archway.
 12111 | IceCv    | Entered an ice cave
 12425 | Lair:2   | Acquired Ashenzari's fourth power
 12526 | Lair:2   | Reached skill level 10 in Short Blades
 13027 | Lair:2   | Found a blossoming altar of Fedhas.
 13046 | Lair:2   | Learned a level 3 spell: Dazzling Spray
 13780 | Lair:3   | Noticed Maud
 13808 | Lair:3   | Noticed a six-headed hydra
 13815 | Lair:3   | Killed Maud
 13815 | Lair:3   | a six-headed hydra (ally) was killed
 13815 | Lair:3   | Reached skill level 19 in Hexes
 14104 | Lair:3   | Found a staircase to the Snake Pit.
 14347 | Lair:3   | Reached XP level 13. HP: 79/79 MP: 16/19
 14858 | Lair:4   | Identified the cursed -4 ring mail of Protective Custody {Slay+4 Stlth++}
 14987 | Lair:4   | Noticed Snorg
 14996 | Lair:4   | Killed Snorg
 15571 | Lair:4   | Noticed Fannar
 15576 | Lair:4   | Killed Fannar
 16619 | Lair:6   | Found a staircase to the Shoals.
 17426 | Lair:6   | Reached skill level 20 in Hexes
 17928 | Lair:7   | Reached XP level 14. HP: 85/85 MP: 20/20
 18453 | Lair:7   | Found a staircase to the Slime Pits.
 18594 | Lair:7   | Learned a level 1 spell: Apportation
 19328 | Lair:6   | Reached skill level 15 in Short Blades
 19661 | D:5      | Noticed Natasha
 19666 | D:5      | Killed Natasha
 19715 | D:4      | Bought a book of Callings for 330 gold pieces
 20184 | Lair:8   | Entered Level 8 of the Lair of Beasts
 20251 | Lair:8   | Noticed Gekot's ghost (powerful GrFi)
 20255 | Lair:8   | Slain by Gekot's ghost

Action                   |  1- 3 |  4- 6 |  7- 9 | 10-12 | 13-15 || total
-------------------------+-------+-------+-------+-------+-------++-------
Melee: Dagger            |    62 |   126 |   284 |   591 |   501 ||  1564
Throw: Throwing net      |       |       |       |     1 |       ||     1
 Cast: Corona            |     3 |     1 |       |     2 |       ||     6
       Ensorcelled Hiber |       |    32 |    75 |   113 |    86 ||   306
       Confuse           |       |       |    10 |    41 |    14 ||    65
       Enslavement       |       |       |     4 |    10 |     1 ||    15
       Dazzling Spray    |       |       |       |     5 |    21 ||    26
Evoke: Wand              |       |       |       |    23 |     5 ||    28
  Use: Potion            |       |     1 |     1 |     7 |     1 ||    10
       Scroll            |       |       |    18 |    29 |     9 ||    56
 Stab: Sleeping          |     7 |    23 |    73 |   146 |   124 ||   373
       Confused          |       |       |     8 |    25 |     7 ||    40
       Distracted        |       |       |     1 |     7 |     9 ||    17
       Betrayed ally     |       |       |       |     2 |       ||     2
       Invisible         |       |       |       |       |    12 ||    12
